 Dungeon Crawl Stone Soup version 0.30-a0-49-g1cef19eb02 (webtiles) character file.

Game seed: 17956365382385339983

556 scionoferis the Slasher (level 7, -2/60 HPs)
             Began as a Naga Warper on Sept 2, 2022.
             Slain by a black bear (6 damage)
             ... on level 5 of the Dungeon.
             The game lasted 00:16:55 (5241 turns).

scionoferis the Slasher (Naga Warper)               Turns: 5241, Time: 00:16:56

Health: -2/60      AC:  4    Str: 13 (14) XL:     7   Next: 30%
Magic:  0/12       EV:  9    Int: 11 (13) God:
Gold:   172        SH:  0    Dex: 12      Spells: 11/13 levels left

rFire   . . .      SeeInvis +    a - +0 falchion
rCold   + + .      Faith    .    (no shield)
rNeg    . . .      Spirit   +    e - +0 leather armour
rPois   +          Reflect  .    (no helmet)
rElec   .          Harm     .    (no cloak)
rCorr   .          Rampage  .    q - +0 pair of gloves
Will    .....                    (no barding)
Stlth   +.........               x - amulet of guardian spirit
HPRegen 0.20/turn                m - ring of protection from cold
MPRegen 0.13/turn                r - ring of protection from cold

@: short of breath, very slow
A: AC +2, large, see invisible, deformed body, poison resistance, slowness 2,
spit poison 1, naga tail 1, mutation resistance 1, noise suppression
a: Spit Poison


You were on level 5 of the Dungeon.
You visited 1 branch of the dungeon, and saw 5 of its levels.
You also visited: Sewer.

You collected 172 gold pieces.

Inventory:

Hand Weapons
 a - a +0 falchion (weapon)
 b - a +0 arbalest
 o - a +0 dagger of protection
 z - a +0 rapier
Missiles
 d - 7 boomerangs of dispersal (quivered)
 i - 2 boomerangs
 u - 14 poisoned darts
Armour
 e - a +0 leather armour (worn)
 q - a +0 pair of gloves (worn)
Jewellery
 m - a ring of protection from cold (left hand)
 r - a ring of protection from cold (right hand)
 x - an amulet of guardian spirit (around neck)
Wands
 y - a wand of flame (5)
Scrolls
 c - 2 scrolls of blinking
 f - a scroll of noise {unknown}
 j - a scroll of summoning
 p - a scroll of enchant weapon
 s - a scroll of butterflies
 v - a scroll of amnesia
 w - 3 scrolls of teleportation {unknown}
 A - a scroll of immolation {unknown}
Potions
 g - a potion of curing
 k - 4 potions of attraction
 l - 3 potions of mutation


   Skills:
 - Level 2.0 Fighting
 * Level 5.6 Long Blades
 - Level 0.8 Throwing
 - Level 0.7 Armour
 - Level 1.5 Dodging
 + Level 3.9 Spellcasting
 + Level 4.7 Translocations


You had 11 spell levels left.
You knew the following spells:

 Your Spells              Type           Power      Damage    Failure   Level
a - Blink                 Tloc           24%        N/A       6%          2

Your spell library contained the following spells:

 Spells                   Type           Power      Damage    Failure   Level
 Gell's Gravitas          Tloc           12%        N/A       13%         3
 Lesser Beckoning         Tloc           12%        N/A       13%         3
 Teleport Other           Tloc           12%        N/A       13%         3
 Manifold Assault         Tloc           12%        N/A       75%         5


Dungeon Overview and Level Annotations

Branches:
Dungeon (5/15)              Sewer (visited)
 Temple: D:4-7

Altars:


Innate Abilities, Weirdness & Mutations

Your serpentine skin is tough. (AC +2)
You have supernaturally acute eyesight. (SInv)
Armour fits poorly on your strangely shaped body.
Your system is resistant to poisons. (rPois)
You cover ground very slowly.
You can spit poison.
You have a snake-like lower body.
You are somewhat resistant to further mutation.
You passively dampen the noise of your surroundings.


Message History

The black bear completely misses you. The black bear claws you.
The black bear claws you but does no damage.
You feel your intelligence returning.
Aiming: Spit Poison (1% risk of failure)
Press: ? - help, Shift-Dir - straight line, f/p - black bear
Aim: a black bear (severely wounded, 70% to hit)
The splash of poison hits the black bear.
The black bear is severely wounded.
The black bear goes berserk!
A dart slug comes into view.
a - a +0 falchion (weapon)
The black bear bites you! The black bear misses you.
The black bear claws you but does no damage.
You barely miss the black bear.
The black bear is severely wounded.
The black bear bites you! The black bear claws you.
The black bear closely misses you.
You hit the black bear but do no damage.
The black bear is severely wounded.
The black bear bites you. The black bear barely misses you.
The black bear claws you.
* * * LOW HITPOINT WARNING * * *
The black bear closely misses you. The black bear claws you.
* * * LOW HITPOINT WARNING * * *
The black bear barely misses you.
You closely miss the black bear.
The black bear is severely wounded.
The black bear barely misses you.
The black bear claws you but does no damage.
The black bear claws you.
* * * LOW HITPOINT WARNING * * *
Okay, then.
You hit the black bear but do no damage.
The black bear is severely wounded.
The black bear bites you!
* * * LOW HITPOINT WARNING * * *
The black bear claws you. x2
* * * LOW HITPOINT WARNING * * *
The black bear bites you!
You die...

#........##### ....
..##.#..........###....
.>.....<...............
........#............... .
...........)..............
............##.....##.#...
..###.....................
. #.......##.....##.#...
#.##....@............. ...
#..#.#h##.........#
.......###......##.####
.....#...##......#
....................
....................
.......?.h........
##........#.##.##.
............. ...


You could see a black bear (berserk).

Vanquished Creatures
  A centaur (D:4)
  A kobold brigand (Sewer)
  A scorpion (D:4)
  A howler monkey (D:4)
  An orc priest (D:4)
  A hound (D:5)
  An orc wizard (D:3)
  3 river rats (Sewer)
  10 adders
  A worm (Sewer)
  2 dart slugs
  4 orcs (D:3)
  15 ball pythons
  4 bats (D:3)
  9 endoplasms
  8 giant cockroaches
  8 goblins
  8 hobgoblins
  4 jackals
  10 kobolds
  5 quokkas
  4 frilled lizards (D:1)
  6 rats
108 creatures vanquished.

Vanquished Creatures (others)
  6 fungi (D:2)
6 creatures vanquished.

Grand Total: 114 creatures vanquished

Notes
Turn   | Place    | Note
-------+----------+-------------------------------------------
     0 | D:1      | scionoferis the Naga Warper began the quest for the Orb.
     0 | D:1      | Reached XP level 1. HP: 19/19 MP: 3/3
   209 | D:1      | Reached XP level 2. HP: 20/26 MP: 5/5
   213 | D:1      | Learned a level 2 spell: Blink
   796 | D:1      | Reached XP level 3. HP: 32/32 MP: 6/6
  1022 | D:2      | Reached skill level 3 in Long Blades
  1361 | D:2      | Found a faded altar of an unknown god.
  1611 | D:2      | Reached XP level 4. HP: 39/39 MP: 7/7
  1995 | D:3      | Gained mutation: You passively dampen the noise of your
                  | surroundings. [potion of mutation]
  1995 | D:3      | Gained mutation: You are somewhat resistant to further
                  | mutation. [potion of mutation]
  2022 | D:3      | Found a glowing drain.
  2029 | Sewer    | Entered a sewer
  2224 | Sewer    | Noticed a kobold brigand
  2227 | Sewer    | Killed a kobold brigand
  2228 | Sewer    | Reached skill level 4 in Long Blades
  2228 | Sewer    | Reached XP level 5. HP: 45/45 MP: 9/9
  2793 | D:3      | Reached XP level 6. HP: 49/52 MP: 10/10
  3191 | D:3      | HP: 1/52 [orc/+0 flail (5)]
  3196 | D:3      | HP: 1/52 [orc/+0 flail (6)]
  4045 | D:4      | Reached skill level 5 in Long Blades
  4188 | D:4      | HP: 1/52 [orc priest/divine providence (9)]
  4651 | D:4      | Reached XP level 7. HP: 50/60 MP: 9/12
  5209 | D:5      | Entered Level 5 of the Dungeon
  5241 | D:5      | Slain by a black bear

Illustrated notes

Levels and vault maps discovered:
D:1:      eino_arrival_water_star, layout_loops_ring, st_stairs_14,
          wander_ebering_terrifying_dragon_lair
D:2:      layout_basic, shapermc_ecumenical_altar_acropolis,
          minmay_misc_feat_encased
D:3:      minmay_bubble_buster, layout_rooms, gup_sewer_entry_pipe
D:4:      layout_basic
D:5:      layout_basic, minmay_divided_ellipse

Skill      XL: |  1  2  3  4  5  6 |
---------------+-------------------+-----
Long Blades    | 3 4 5 |  5.6
Spellcasting   | 3 |  3.9
Translocations | 4 |  4.7
Fighting       | |  2.0
Throwing       | |  0.8
Armour         | |  0.7
Dodging        | |  1.5

Action                   |  1- 3 |  4- 6 |  7- 9 || total
-------------------------+-------+-------+-------++-------
Melee: Falchion          |    68 |   196 |    24 ||   288
       Punch             |       |       |     1 ||     1
 Fire: Arbalest          |    43 |    75 |     5 ||   123
 Cast: Blink             |       |     2 |       ||     2
 Abil: Spit Poison       |     1 |    11 |     2 ||    14
  Use: Potion            |       |    15 |     2 ||    17
       Scroll            |       |     5 |       ||     5
Armor: Leather armour    |    16 |    69 |    25 ||   110
       Skin              |       |    13 |       ||    13
Dodge: Dodged            |    36 |   141 |    30 ||   207

Table legend: (Time is in decaauts)
 A = Elapsed time spent in this place.
 B = Non-inter-level travel time spent in this place.
 C = Inter-level travel time spent in this place.
 D = Time resting spent in this place.
 E = Time spent auto-exploring this place.
 F = Levels seen in this place.
 G = Mean time per level.
                   A        B        C        D        E       F      G
               +--------+--------+--------+--------+--------+-----+--------+
         Total |   6421 |   6328 |     93 |   1274 |   3766 |   6 | 1070.2 |
       Dungeon |   5441 |   5348 |     93 |    872 |   3489 |   5 | 1088.2 |
         Sewer |    979 |    979 |      0 |    401 |    276 |   1 |  979.0 |
               +--------+--------+--------+--------+--------+-----+--------+

Top non-repeatable levels by time:
     D:3: 2137 daAuts
     D:1: 1236 daAuts
     D:4: 1082 daAuts
   Sewer: 979 daAuts
     D:2: 942 daAuts
     D:5: 41 daAuts
